 Dungeon Crawl Stone Soup version 0.31-a0-1620-gcbf77bbcfc (webtiles) character file.

Game seed: 7439604340513838681

161719 PanSaczeczos the Destroyer (level 17, -6/123 HPs)
             Began as a Barachi Ice Elementalist on Jan 11, 2024.
             Was the Champion of Hepliaklqana.
             Mangled by a +1 battleaxe of freezing (28 damage)
             ... on level 1 of the Elven Halls.
             The game lasted 01:17:38 (37731 turns).

PanSaczeczos the Destroyer (BaIE)                  Turns: 37731, Time: 01:17:38

Health: -6/123     AC: 12    Str: 11    XL:     17   Next: 49%
Magic:  33/33      EV: 14    Int: 29    God:    Hepliaklqana [******]
Gold:   4441       SH:  5    Dex: 12    Spells: 13/40 levels left

rFire   . . .        b - +0 arbalest (elec)
rCold   + + +        (shield currently unavailable)
rNeg    . . .        k - +4 skin of Zhor {*Englaciate rC+++ SInv}
rPois   .            D - +0 helmet
rElec   .            K - scarf {repulsion}
rCorr   .            R - +1 pair of gloves
SInv    +            Y - +2 pair of boots
Will    ++...        u - amulet of reflection
Stlth   +++          c - +6 ring of intelligence
HPRegen 0.40/turn    s - ring of willpower
MPRegen 0.23/turn

%: repel missiles, reflection
@: slow
A: reduced essence, amphibious, slowness 1, strong legs 2, +LOS
}: 1/15 runes: barnacled
a: Hop, Renounce Religion, Recall Ancestor, Ancestor Identity, Transference,
Idealise


You were on level 1 of the Elven Halls.
You worshipped Hepliaklqana.
Hepliaklqana was exalted by your worship.
You visited 5 branches of the dungeon, and saw 27 of its levels.

You collected 4661 gold pieces.
You spent 220 gold pieces at shops.

Inventory:

Hand Weapons
 a - a +5 scimitar
 b - a +0 arbalest of electrocution (weapon)
Missiles
 x - 34 poisoned darts
 V - 4 throwing nets {!f}
Armour
 k - the +4 skin of Zhor (worn) {*Englaciate rC+++ SInv}
   (You found it on level 4 of the Lair of Beasts)

   *Englaciate: It radiates cold, occasionally slowing all nearby creatures who
   are not resistant to cold.
   rC+++:     It renders you almost immune to cold.
   SInv:      It lets you see invisible.
 D - a +0 helmet (worn)
 K - a scarf of repulsion (worn)
 R - a +1 pair of gloves (worn)
 Y - a +2 pair of boots (worn)
Magical Staves
 B - a staff of death
Jewellery
 c - a +6 ring of intelligence (left hand)
 j - a +6 ring of dexterity
 s - a ring of willpower (right hand)
 u - an amulet of reflection (around neck)
 S - an amulet of the acrobat
Wands
 d - a wand of digging (4)
 n - a wand of paralysis (19)
 C - a wand of quicksilver (14)
 H - a wand of polymorph (10)
 M - a wand of roots (7)
 W - a wand of mindburst (16)
 X - a wand of flame (24)
Scrolls
 g - 19 scrolls of teleportation {!r}
 i - 3 scrolls of amnesia {!r}
 r - a scroll of acquirement {!r}
 t - 4 scrolls of fog {!r}
 v - 5 scrolls of immolation {!r}
 w - 4 scrolls of enchant weapon {!r}
 A - 5 scrolls of revelation {!r}
 E - 4 scrolls of vulnerability {!r}
 F - 2 scrolls of blinking {!r}
 J - 8 scrolls of fear {!r}
 L - a scroll of summoning {!r}
 O - 3 scrolls of poison {!r}
 P - 4 scrolls of silence {!r}
 T - 2 scrolls of enchant armour {!r}
Potions
 e - 4 potions of enlightenment
 f - 2 potions of ambrosia
 h - 3 potions of magic
 l - 2 potions of attraction
 m - 7 potions of heal wounds
 o - 4 potions of haste
 p - 3 potions of invisibility
 q - 11 potions of curing
 z - 4 potions of resistance
 G - 4 potions of lignification
 I - 4 potions of might {@q3}
 Q - 2 potions of cancellation
 U - 2 potions of degeneration {unknown}
 Z - a potion of berserk rage {unknown}
Miscellaneous
 y - a phial of floods
 N - a phantom mirror


   Skills:
 + Level 13.2 Fighting
 - Level 10.0 Long Blades
 - Level 10.0 Ranged Weapons
 - Level 4.0 Armour
 - Level 6.0 Dodging
 - Level 6.0 Stealth
 - Level 1.0 Shields
 - Level 12.0 Spellcasting
 + Level 13.8 Conjurations
 - Level 6.0 Summonings
 + Level 11.4 Translocations
 - Level 10.0 Ice Magic
 - Level 8.0 Air Magic
 - Level 7.0 Invocations
 - Level 8.0 Shapeshifting


You had 13 spell levels left.
You knew the following spells:

 Your Spells              Type           Power      Damage    Failure   Level
a - Freeze                Ice            100%       1d10      1%          1
b - Frozen Ramparts       Ice            100%       1d16      1%          3
c - Summon Ice Beast      Ice/Summ       59%        N/A       1%          3
d - Freezing Cloud        Conj/Ice/Air   34%        6-21      1%          5
e - Iskenderun's Mystic   Conj/Tloc      74%        2d15      1%          4
m - Manifold Assault      Tloc           70%        N/A       1%          4
q - Orb of Destruction    Conj           39%        9d11      9%          7

Your spell library contained the following spells:

 Spells                   Type           Power      Damage    Failure   Level
 Shock                    Conj/Air       100%       1d9       1%          1
 Sting                    Conj/Alch      100%       1d9       1%          1
 Call Imp                 Summ           100%       N/A       1%          2
 Cigotuvi's Dreadful Rot  Necr/Alch/Air  64%        N/A       1%          2
 Ensorcelled Hibernation  Hex/Ice        92%        N/A       1%          2
 Dazzling Flash           Conj/Hex       100%       N/A       1%          3
 Gell's Gravitas          Tloc           70%        N/A       1%          3
 Mephitic Cloud           Conj/Alch/Air  56%        N/A       1%          3
 Ozocubu's Armour         Ice            66%        N/A       1%          3
 Stone Arrow              Conj/Erth      100%       3d13      1%          3
 Swiftness                Air            59%        N/A       1%          3
 Teleport Other           Tloc           70%        N/A       1%          3
 Volatile Blastmotes      Fire/Tloc      100%       2d18      1%          3
 Airstrike                Air            29%        2d(5-21)  1%          4
 Brom's Barrelling Bould  Conj/Erth      55%        2d7       1%          4
 Fulminant Prism          Conj/Alch      27%        3d13      1%          4
 Iskenderun's Battlesphe  Conj           78%        2d13      1%          5
 Sandblast                Erth           34%        2d9       3%          1
 Slow                     Hex            68%        N/A       3%          1
 Scorch                   Fire           34%        2d6       4%          2
 Fireball                 Conj/Fire      27%        3d12      4%          5
 Irradiate                Conj/Alch      27%        3d20      4%          5
 Dispersal                Tloc           35%        N/A       4%          6
 Conjure Ball Lightning   Conj/Air       34%        3x3d11    5%          6
 Fugue of the Fallen      Necr           17%        N/A       9%          3
 Inner Flame              Hex/Fire       17%        N/A       9%          3
 Passwall                 Erth           17%        N/A       9%          3
 Silence                  Hex/Air        20%        N/A       16%         5
 Bombard                  Conj/Erth      27%        9d5       28%         6
 Anguish                  Hex/Necr       8%         N/A       30%         4
 Cause Fear               Hex            8%         N/A       30%         4
 Ignite Poison            Fire/Alch      17%        N/A       30%         4
 Leda's Liquefaction      Alch/Erth      8%         N/A       30%         4
 Curse of Agony           Necr           17%        N/A       63%         5
 Lee's Rapid Deconstruct  Erth           8%         3d7*      63%         5
 Enfeeble                 Hex            8%         N/A       100%        7
 Ignition                 Fire           8%         3d5       100%        8


Dungeon Overview and Level Annotations

Branches:
Dungeon (15/15) Zot: 25060  Temple (0/1) D:7            Lair (5/5) D:9 Zot: 20870
 Shoals (4/4) Lair:3 Zot: 15539  Spider (0/4) Lair:3        Slime (0/5) Lair:5
    Orc (2/2) D:11 Zot: 8869     Elf (1/3) Orc:2 Zot: 5480  Vaults (0/5) D:14
 Depths (0/4) D:15

Altars:
Ashenzari
Cheibriados
Elyvilon
Fedhas
Gozag
Hepliaklqana
Nemelex Xobeh
Okawaru
Qazlal
Sif Muna
Trog
Uskayaw
Vehumet
Wu Jian
Xom
Zin
The Shining One

Shops:
D:2 (   D:5 *   D:8 *   D:11 (   Orc:2 (*:*:

Annotations:
D:2 Sigmund
D:3 2 transporters
D:5 2 transporters, Gnu's ghost, novice DsFi
D:13 2 transporters, emiel's ghost, journeyman DsEE
D:15 Rupert
Elf:1 1 runed translucent door


Innate Abilities, Weirdness & Mutations

Your life essence is reduced to manifest your ancestor. (-10% HP)
You are amphibious.
You cover ground slowly.
You can hop long distances.
You have an extended range of vision and can be seen from far away.


Message History

Henutmehyt blocks the +1 battleaxe of freezing's attack.
Fire: b) +0 arbalest (elec)
Press: ? - help, Q - select action, (/) - cycle Shift-Dir - straight line, f/p - +1 battleaxe of freezing
Aim: a +1 battleaxe of freezing (moderately damaged, ally target, 43% to hit)
You shoot a bolt.
The bolt hits the +1 battleaxe of freezing.
The +1 battleaxe of freezing is heavily damaged.
The +1 battleaxe of freezing hits you!!
* * * LOW HITPOINT WARNING * * *
The +1 battleaxe of freezing freezes you.
* * * LOW HITPOINT WARNING * * *
Henutmehyt blocks the +1 battleaxe of freezing's attack.
Henutmehyt barely misses the +1 battleaxe of freezing.
Fire: b) +0 arbalest (elec)
Press: ? - help, Q - select action, (/) - cycle Shift-Dir - straight line, f/p - +1 battleaxe of freezing
Aim: a +1 battleaxe of freezing (heavily damaged, ally target, 43% to hit)
You shoot a bolt.
The bolt hits the +1 battleaxe of freezing.
The +1 battleaxe of freezing is heavily damaged.
The +1 battleaxe of freezing hits you!!
* * * LOW HITPOINT WARNING * * *
The +1 battleaxe of freezing freezes you.
* * * LOW HITPOINT WARNING * * *
The +1 battleaxe of freezing hits Henutmehyt but does no damage.
The +1 battleaxe of freezing hits you!!
* * * LOW HITPOINT WARNING * * *
The +1 battleaxe of freezing freezes you.
* * * LOW HITPOINT WARNING * * *
The +1 battleaxe of freezing hits Henutmehyt!
Henutmehyt misses the +1 battleaxe of freezing.
Fire: b) +0 arbalest (elec)
Press: ? - help, Q - select action, (/) - cycle Shift-Dir - straight line, f/p - +1 battleaxe of freezing
Aim: a +1 battleaxe of freezing (heavily damaged, ally target, 43% to hit)
You shoot a bolt.
The bolt barely misses the +1 battleaxe of freezing.
You radiate an aura of cold.
The +1 battleaxe of freezing is unaffected.
Henutmehyt is unaffected.
The +1 battleaxe of freezing hits you!!
You die...

▒··▒ ···▒▒▒▒▒··▒ ···'······▒
··▒▒▒▒▒···▒▒▒ ▒·····+
▒▒▒▒▒▒▒▒▒▒▒▒▒▒▒▒▒▒··▒▒▒▒ · ··
▒·····▒▒⌠▒▒·····▒···▒ ··
···▒·····'[··)[···R▒▒··▒ ···
···+··[··')<·')··@('···▒ ····
·▒·····)···'·····▒▒··▒ ·····
▒·····▒▒⌠▒▒·····▒▒··▒ ······
▒▒▒▒▒▒▒▒▒▒▒▒▒▒▒▒▒···▒▒▒▒·······
+·····R·('·······
▒▒▒▒···(·(·······
▒▒·▒▒▒▒······· ▒)▒ ······· ▒·▒
······


You could see the friendly Henutmehyt the knight and a +1 battleaxe of freezing
(ally target).

Vanquished Creatures
  An angel (Shoals:3)
  A stone giant (D:15)
  Snorg (Orc:2)
  7 merfolk impalers
  2 merfolk javelineers
  Josephine (Orc:1)
  Erolcha (Orc:1)
  9 merfolk aquamancers
  3 vault guards (D:14)
  4 hydras
  2 boulder beetles
  3 two-headed ogres
  3 alligator snapping turtles
  A satyr (Shoals:2)
  3 centaur warriors
  A deep troll shaman (Lair:5)
  6 death yaks
  5 tengu warriors (D:15)
  4 orc high priests (Orc:2)
  2 deep elf knights (D:14)
  2 skeletal warriors
  5 sea snakes
  An arcanist (D:14)
  3 deep elf pyromancers (Elf:1)
  3 harpies (Shoals:4)
  3 deep elf zephyrmancers (Elf:1)
  6 ugly things
  2 orc sorcerers (Orc:2)
  8 cyclopes
  A wolf spider (D:15)
  7 fauns (Shoals:2)
  10 manticores
  8 merfolk sirens
  7 elephants
  5 black mambas
  Joseph (Lair:1)
  2 water nymphs
  3 gargoyles
  8 cane toads
  A cane toad (shapeshifter) (D:15)
  2 torpor snails (Lair:4)
  6 rime drakes
  An unseen horror (D:12)
  5 komodo dragons
  A yaktaur (D:14)
  5 trolls
  16 merfolk
  A hornet (shapeshifter) (D:13)
  A polar bear (Lair:5)
  A wind drake (Shoals:3)
  9 blink frogs
  Grinder (D:5)
  5 dream sheep
  A snapping turtle (Shoals:3)
  6 slime creatures
  A wyvern (D:7)
  4 water elementals
  4 shadows
  A vampire (D:11)
  3 wraiths
  44 yaks
  5 wargs
  3 vampire mosquitoes
  An acid dragon (D:11)
  10 water moccasins
  Menkaure (D:5)
  A sky beast (D:4)
  A hornet zombie (D:8)
  2 black bears
  13 orc warriors
  2 laughing skulls (D:14)
  10 wolves
  10 centaurs
  4 ogres
  A kobold brigand (D:9)
  Blork the orc (D:5)
  10 bullfrogs
  A wyvern zombie (D:8)
  A scorpion (D:5)
  8 wights (D:8)
  7 jellies
  9 killer bees
  8 electric eels
  2 howler monkeys
  3 hounds
  27 orc priests
  A gnoll bouda (D:8)
  Jessica (D:3)
  Terence (D:3)
  4 iguanas
  26 orc wizards
  2 howler monkey zombies (D:8)
  Robin (D:3)
  8 gnolls
  7 adders
  2 shadow imps
  2 white imps
  2 ufetubi (D:7)
  2 dart slugs
  49 orcs
  13 endoplasms
  4 giant cockroaches
  13 goblins
  13 hobgoblins
  8 jackals
  4 quokkas
  9 ball pythons
  5 bats
  5 frilled lizards
  16 kobolds
  5 rats
  A spectral orc (D:4)
609 creatures vanquished.

Vanquished Creatures (collateral kills)
  2 deep elf sorcerers (Elf:1)
  2 merfolk impalers (Shoals:4)
  2 vault guards (D:14)
  A catoblepas (Lair:5)
  A hydra (Lair:5)
  An ogre mage (D:14)
  A centaur warrior (D:14)
  A boulder beetle (D:15)
  2 satyrs
  3 merfolk aquamancers
  A skyshark (Shoals:1)
  2 cherubim (Shoals:4)
  2 skeletal warriors
  An arcanist (D:9)
  5 sea snakes
  A harpy (shapeshifter) (D:15)
  A harpy (Shoals:4)
  8 manticores
  3 cyclopes
  4 fauns
  5 elephants
  A meliai (Lair:3)
  2 merfolk sirens
  2 water nymphs
  2 black mambas
  5 gargoyles
  7 cane toads
  2 rime drakes
  5 komodo dragons
  5 trolls
  4 merfolk
  2 polar bears
  2 wind drakes
  3 dream sheep (Shoals:4)
  11 blink frogs
  4 snapping turtles
  6 slime creatures
  A vampire (D:9)
  3 wraiths
  19 yaks
  9 water elementals
  4 wyverns
  3 vampire mosquitoes (D:12)
  A basilisk (Lair:1)
  A warg (Orc:1)
  An acid dragon (D:9)
  4 water moccasins
  4 orc warriors
  An ice beast (D:6)
  3 black bears
  A sky beast (D:7)
  2 laughing skulls (D:13)
  6 wolves
  An ogre (D:11)
  2 centaurs
  A kobold brigand (D:9)
  A phantom (D:5)
  5 bullfrogs
  A gnoll sergeant (D:10)
  A scorpion (D:7)
  A wyvern zombie (D:8)
  12 wights
  7 killer bees
  3 electric eels (D:13)
  2 centaur zombies (D:8)
  A hound (D:7)
  A jelly (Lair:5)
  4 orc priests
  2 sleepcaps (D:6)
  An iguana (D:6)
  10 orc wizards
  3 killer bee zombies (D:8)
  A howler monkey zombie (D:8)
  4 gnolls
  14 orcs
  3 kobolds (D:9)
256 creatures vanquished.

Vanquished Creatures (others)
  A merfolk aquamancer (Shoals:2)
  17 knights
  2 ancestors (D:7)
20 creatures vanquished.

Grand Total: 885 creatures vanquished

Notes
Turn   | Place    | Note
-------+----------+-------------------------------------------
     0 | D:1      | PanSaczeczos the Barachi Ice Elementalist began the quest
                  | for the Orb.
     0 | D:1      | Reached XP level 1. HP: 13/13 MP: 3/3
    51 | D:1      | Reached skill level 1 in Fighting
   112 | D:1      | Reached XP level 2. HP: 21/21 MP: 3/5
   237 | D:1      | Reached skill level 1 in Shields
   335 | D:1      | Reached skill level 5 in Ice Magic
   390 | D:1      | Reached XP level 3. HP: 26/27 MP: 4/6
   435 | D:1      | Learned a level 3 spell: Frozen Ramparts
   449 | D:1      | Learned a level 3 spell: Summon Ice Beast
   881 | D:2      | Noticed Sigmund
   896 | D:2      | Reached skill level 1 in Summonings
   976 | D:2      | Reached XP level 4. HP: 33/33 MP: 4/8
  1071 | D:2      | Found Ceamull's Weapon Shoppe.
  1885 | D:3      | Found a transporter.
  1895 | D:3      | Noticed Jessica
  1897 | D:3      | Killed Jessica
  1898 | D:3      | Reached XP level 5. HP: 38/38 MP: 9/9
  2019 | D:3      | Found a transporter.
  2020 | D:3      | Noticed a kobold demonologist
  2051 | D:3      | Noticed Robin
  2065 | D:3      | Killed Robin
  2401 | D:3      | Noticed Terence
  2411 | D:3      | Killed Terence
  2412 | D:3      | Reached XP level 6. HP: 44/44 MP: 6/10
  2527 | D:3      | Found a stormy altar of Qazlal.
  2777 | D:4      | Found a hazy altar of Hepliaklqana.
  2800 | D:4      | Became a worshipper of Hepliaklqana the Forgotten
  2861 | D:4      | Noticed a sky beast
  2871 | D:4      | Killed a sky beast
  2952 | D:4      | Upgraded the game from 0.31-a0-1616-gbeaec30b81 to
                  | 0.31-a0-1620-gcbf77bbcfc
  3084 | D:4      | Found a radiant altar of Vehumet.
  3251 | D:4      | Reached XP level 7. HP: 53/53 MP: 9/11
  3583 | D:5      | Entered Level 5 of the Dungeon
  3645 | D:5      | Reached skill level 5 in Fighting
  3773 | D:5      | Noticed a hornet
  3798 | D:5      | Found a transporter.
  3804 | D:5      | Found a transporter.
  3804 | D:5      | Noticed Gnu's ghost (novice DsFi)
  3821 | D:5      | Found a broken altar of Ashenzari.
  3889 | D:5      | Noticed Menkaure
  3902 | D:5      | Killed Menkaure
  3950 | D:5      | Noticed Grinder
  3969 | D:5      | Killed Grinder
  3970 | D:5      | Reached XP level 8. HP: 56/64 MP: 12/12
  4124 | D:5      | Reached skill level 5 in Stealth
  4188 | D:5      | Found Gozag's Platinum Reserve.
  4188 | D:5      | Found an opulent altar of Gozag.
  4374 | D:5      | Noticed Blork the orc
  4377 | D:5      | Killed Blork the orc
  4566 | D:5      | Reached skill level 5 in Spellcasting
  4763 | D:5      | Reached skill level 1 in Invocations
  4807 | D:5      | Reached * piety under Hepliaklqana
  5169 | D:6      | Identified a scroll of acquirement {!r}
  5734 | D:6      | Reached skill level 1 in Ranged Weapons
  5734 | D:6      | Reached XP level 9. HP: 64/64 MP: 13/16
  6056 | D:6      | Found a snail-covered altar of Cheibriados.
  6728 | D:7      | Found an ornate altar of the Wu Jian Council.
  6817 | D:7      | Found a bloodstained altar of Trog.
  6829 | D:7      | Found a shimmering blue altar of Sif Muna.
  6875 | D:7      | Got Sif Muna's Vademecum on Contaminated Hexes
  6906 | D:7      | Found a staircase to the Ecumenical Temple.
  7034 | D:7      | Reached ** piety under Hepliaklqana
  7035 | D:7      | Remembered your ancestor Henutmehyt as a knight
  7693 | D:8      | Reached XP level 10. HP: 63/72 MP: 14/19
  7708 | D:8      | Reached skill level 5 in Invocations
  8101 | D:8      | Learned a level 5 spell: Freezing Cloud
  8266 | D:8      | Reached skill level 1 in Conjurations
  8266 | D:8      | Reached skill level 1 in Air Magic
  8379 | D:8      | Found Tojoxzo's Assorted Antiques.
  8384 | D:8      | Bought a scroll of teleportation for 72 gold pieces
  8384 | D:8      | Bought a scroll of teleportation for 72 gold pieces
  8408 | D:8      | Reached skill level 10 in Fighting
  9012 | D:9      | Reached *** piety under Hepliaklqana
  9593 | D:8      | HP: 18/76 [water moccasin (4)]
  9595 | D:8      | Reached skill level 5 in Conjurations
  9595 | D:8      | Reached skill level 5 in Air Magic
  9868 | D:9      | Reached XP level 11. HP: 75/81 MP: 20/20
 10254 | D:9      | Found a staircase to the Lair.
 10408 | D:9      | Found a hide-covered altar of Uskayaw.
 10712 | D:9      | Noticed an arcanist
 10718 | D:9      | Killed an arcanist
 10831 | D:9      | Found a faded altar of an unknown god.
 10831 | D:9      | Found a glowing silver altar of Zin.
 10876 | D:9      | Found a shimmering altar of Xom.
 10878 | D:9      | Found a faded altar of an unknown god.
 10880 | D:9      | Found an iron altar of Okawaru.
 10937 | D:10     | Entered Level 10 of the Dungeon
 11056 | D:10     | Noticed a two-headed ogre
 11188 | D:10     | Found a sparkling altar of Nemelex Xobeh.
 11226 | D:10     | Killed a two-headed ogre
 11838 | D:10     | Learned a level 4 spell: Iskenderun's Mystic Blast
 11844 | D:10     | Noticed a two-headed ogre
 11849 | D:10     | Killed a two-headed ogre
 11850 | D:10     | Reached skill level 1 in Translocations
 12058 | D:10     | Found a blossoming altar of Fedhas.
 12065 | D:10     | Found a glowing golden altar of the Shining One.
 12398 | Lair:1   | Entered Level 1 of the Lair of Beasts
 12554 | Lair:1   | Reached XP level 12. HP: 87/87 MP: 21/21
 12755 | Lair:1   | Reached **** piety under Hepliaklqana
 12774 | Lair:1   | Noticed Joseph
 13110 | Lair:1   | Killed Joseph
 14561 | Lair:3   | Noticed a five-headed hydra
 14682 | Lair:3   | Found a hole to the Spider Nest.
 14826 | Lair:3   | Reached skill level 10 in Ice Magic
 14979 | Lair:3   | Reached skill level 5 in Translocations
 15288 | Lair:3   | Gained mutation: You can hop long distances. [Barachi
                  | growth]
 15288 | Lair:3   | Reached XP level 13. HP: 27/95 MP: 13/24
 15648 | Lair:3   | Reached skill level 1 in Long Blades
 15655 | Lair:3   | Reached skill level 1 in Armour
 15742 | Lair:3   | Reached ***** piety under Hepliaklqana
 15749 | Lair:3   | Identified the +0 scale mail "Fesch" {Harm Str+5}
 15750 | Lair:3   | Found a staircase to the Shoals.
 16234 | Lair:4   | Reached skill level 10 in Conjurations
 17319 | Lair:4   | Found the +4 skin of Zhor {*Englaciate rC+++ SInv}
 17891 | Lair:4   | Acquired 1048 gold pieces
 17894 | Lair:5   | Entered Level 5 of the Lair of Beasts
 18036 | Lair:5   | Found a staircase to the Slime Pits.
 18379 | Lair:5   | Reached skill level 5 in Dodging
 18612 | Lair:5   | Reached XP level 14. HP: 106/106 MP: 16/26
 18792 | Lair:5   | HP: 26/106 [poisoned by a black mamba]
 19305 | Lair:5   | Reached skill level 10 in Spellcasting
 19401 | Lair:5   | Reached skill level 5 in Ranged Weapons
 20024 | Lair:5   | Identified the +3 ring mail of Gehenna {Str+2}
 20365 | D:11     | Found a staircase to the Orcish Mines.
 20670 | D:11     | Found Ototra's Antique Weapon Shop.
 20806 | D:11     | Learned a level 7 spell: Orb of Destruction
 20807 | Orc:1    | Entered Level 1 of the Orcish Mines
 20807 | Orc:1    | Noticed Erolcha
 20812 | Orc:1    | Killed Erolcha
 20942 | Orc:1    | Noticed Josephine
 21061 | D:11     | Learned a level 4 spell: Manifold Assault
 21071 | Orc:1    | Killed Josephine
 21925 | Orc:2    | Entered Level 2 of the Orcish Mines
 21925 | Orc:2    | Found Tuerchisto's Weapon Emporium.
 22245 | Orc:2    | Reached ****** piety under Hepliaklqana
 22360 | Orc:2    | Found a staircase to the Elven Halls.
 22600 | Orc:2    | Reached skill level 5 in Summonings
 22672 | Orc:2    | Noticed Snorg
 22678 | Orc:2    | Killed Snorg
 23272 | Orc:2    | Found Neis's Assorted Antiques.
 23273 | Orc:2    | Found Nusacaas's Book Emporium.
 23273 | Orc:2    | Found Xymeuha's Book Shoppe.
 23289 | Orc:2    | Found Bonkeudd's Assorted Antiques.
 23302 | Orc:2    | Bought a scroll of identify for 50 gold pieces
 23304 | Orc:2    | Bought a scroll labelled PEHUAX SEHYSU for 26 gold pieces
 23573 | D:12     | Reached XP level 15. HP: 104/110 MP: 23/29
 23829 | D:12     | Found a glowing golden altar of the Shining One.
 24756 | D:13     | Reached skill level 1 in Shapeshifting
 24840 | D:13     | Found a transporter.
 24845 | D:13     | Found a transporter.
 24845 | D:13     | Noticed emiel's ghost (journeyman DsEE)
 24847 | D:13     | Noticed a frost giant
 26262 | D:14     | Reached skill level 5 in Long Blades
 26933 | D:14     | Found a gate to the Vaults.
 27350 | D:15     | Entered Level 15 of the Dungeon
 27903 | D:15     | Noticed Rupert
 28705 | D:15     | Found a staircase to the Depths.
 28714 | D:15     | Reached XP level 16. HP: 117/117 MP: 26/31
 29030 | Shoals:1 | Entered Level 1 of the Shoals
 30025 | Shoals:1 | HP: 8/117 [satyr/arrow (26)]
 30031 | Shoals:1 | Reached skill level 10 in Ranged Weapons
 30350 | Shoals:2 | Identified the +7 short sword of the Abyss {antimagic, rC+
                  | rN+ Str-5 Dex+3}
 30728 | Shoals:2 | Reached skill level 5 in Shapeshifting
 32717 | Shoals:4 | Entered Level 4 of the Shoals
 33357 | Shoals:4 | Reached skill level 10 in Translocations
 33568 | Shoals:4 | Identified the ring of Intercession {Ice rN+ Str-4 SInv}
 33865 | Shoals:4 | Identified the +0 robe of Agnosticism {Rampage +Blink rCorr
                  | Str-3}
 34034 | Shoals:4 | Reached XP level 17. HP: 109/122 MP: 29/33
 35510 | Shoals:4 | Reached skill level 10 in Long Blades
 36007 | Shoals:4 | Found a white marble altar of Elyvilon.
 36008 | Shoals:4 | Acquired 676 gold pieces
 36323 | Shoals:4 | Found a glowing silver altar of Zin.
 36339 | Shoals:4 | Got a barnacled rune of Zot
 36453 | Shoals:4 | Found a glowing golden altar of the Shining One.
 36896 | Elf:1    | Entered Level 1 of the Elven Halls
 36896 | Elf:1    | Found a runed translucent gate.
 36896 | Elf:1    | Found a runed translucent gate.
 36896 | Elf:1    | Found a runed translucent door.
 36896 | Elf:1    | Found a runed translucent door.
 36896 | Elf:1    | Found a runed translucent gate.
 36896 | Elf:1    | Found a runed translucent gate.
 36896 | Elf:1    | Found a runed translucent gate.
 36896 | Elf:1    | Found a runed translucent gate.
 37089 | Elf:1    | Got the Dissertation on the Conflagrant Comitatus
 37464 | Elf:1    | HP: 29/123 [poisoned by a +2 halberd of venom]
 37469 | Elf:1    | HP: 24/123 [poisoned by a +2 halberd of venom]
 37730 | Elf:1    | HP: 23/123 [+1 battleaxe of freezing (23)]
 37731 | Elf:1    | Mangled by a +1 battleaxe of freezing

Illustrated notes

Levels and vault maps discovered:
D:1:      tarquinn_simple_flora_water_c, layout_rooms, minmay_hexomino_u4
D:2:      minmay_recursive_quarters, layout_loops_cross, serial_shops, shop,
          uniq_sigmund
D:3:      gammafunk_wand_slinger, layout_loops_ring, grunt_qazlal_clouds,
          serial_rivers, chequers_serial_rivers_micro_b,
          chequers_serial_rivers_micro_c, chequers_serial_rivers_micro_a,
          chequers_serial_rivers_micro_c, chequers_serial_rivers_small_3,
          chequers_serial_rivers_micro_d, uniq_terence, uniq_jessica, uniq_robin
D:4:      layout_loops_ring, nicolae_vehumet_radiance,
          nicolae_hepliaklqana_monster_ancestors
D:5:      layout_loops_ring, nicolae_gozag_zags_fifth_avenue,
          nicolae_ashenzari_panopticon, serial_rivers,
          chequers_serial_rivers_micro_e, chequers_serial_rivers_large_b,
          chequers_serial_rivers_small_3, chequers_serial_rivers_micro_e,
          chequers_serial_rivers_micro_d, gammafunk_ghost_hive,
          kennysheep_generic_room_7, uniq_grinder, uniq_menkaure,
          uniq_blork_the_orc
D:6:      layout_basic, general_overflow_altar
D:7:      layout_loops_ring, nzn_overflow_gifts_of_might_and_magic,
          nicolae_wu_jian_immortal_techniques, minmay_temple_entry_statues,
          minmay_strange_pillars, amethyst_killhole
D:8:      layout_basic, serial_shops, shop_fountains, serial_undead,
          serial_undead_f, serial_undead_e, serial_undead_a, serial_undead_f,
          serial_undead_d, serial_undead_c, serial_undead_e, serial_undead_f,
          serial_library_hellmonk_hallway_b, minmay_tree_intersection
D:9:      layout_rooms, lemuel_tele_altar, chequers_temple_overflow_minitemple,
          due_lair_maze_entry_diamond, serial_curves, eino_curves_03,
          eino_curves_01, minmay_librarian
D:10:     layout_roguey, mainiacjoe_overflow_six_doors_small,
          jmf_multi_god_temple2
D:11:     layout_cave_pools, david_orc_3, serial_shops, nicolae_lakefront_shop
D:12:     layout_loops_ring, tso_oasis_becter
D:13:     layout_roguey, gammafunk_ghost_arena, serial_bayou,
          serial_bayou_lagoon_b, serial_bayou_ford_a, serial_bayou_lake_a,
          serial_bayou_pond_c, lemuel_flamethrower_1
D:14:     layout_stronghold, grunt_vaults_entry_fortified,
          reono_crystal_passage, nicolae_kite_square_tiling_tiny
D:15:     grunt_enter_depths_snipers, layout_layer_cave, nrook_mini_backslash,
          uniq_rupert
Lair:1:   layout_cellular_growth, grunt_megastairs_5, uniq_joseph
Lair:2:   layout_small_grid, minivault_24, chequers_serial_rivers_micro_b
Lair:3:   layout_misc_corridors, minmay_shoals_entry_lonely_mermaid,
          hellmonk_spider_entry_not_the_bees
Lair:4:   layout_cellular_growth, hellmonk_guarded_unrand_zhor,
          grunt_megastairs_2
Lair:5:   grunt_lair_end_beastmaster, layout_cave_pods,
          nicolae_slime_entry_slimehenge
Shoals:1: layout_shoals
Shoals:2: layout_shoals
Shoals:3: layout_shoals
Shoals:4: shoals_end_hellmonk_holy_island
Orc:1:    cheibrodos_orc_guarddog, layout_caves, uniq_josephine, uniq_erolcha
Orc:2:    st_orc_mages, layout_caves, serial_shops, shop,
          regret_index_minedec_devilstone, uniq_snorg
Elf:1:    nicolae_elf_arrival_dilemma, layout_gridlike,
          nicolae_trove_entry_free_sample, serial_shops,
          nicolae_shop_pleasant_corner_grove, nicolae_elf_crossing_hall,
          amcnicky_mini_rare_corridor_liquid

Skill      XL: |  1  2  3  4  5  6  7  8  9 10 11 12 13 14 15 16 17 |
---------------+----------------------------------------------------+-----
Stealth        | 2 4 6 |  6.0
Fighting       | 1 2 3 6 7 8 10 11 13 | 13.2
Shields        | 1 |  1.0
Ice Magic      | 5 6 7 8 10 | 10.0
Summonings     | 1 2 3 4 5 6 |  6.0
Spellcasting   | 3 5 6 7 8 10 11 12 | 12.0
Invocations    | 1 4 5 7 |  7.0
Ranged Weapons | 1 2 3 4 8 9 10 | 10.0
Dodging        | 4 6 |  6.0
Conjurations   | 5 8 9 10 11 13 | 13.8
Air Magic      | 5 8 |  8.0
Translocations | 1 5 6 8 10 11 | 11.4
Long Blades    | 4 6 9 10 | 10.0
Armour         | 4 |  4.0
Shapeshifting  | 3 6 8 |  8.0

Action                     |  1- 3 |  4- 6 |  7- 9 | 10-12 | 13-15 | 16-18 || total
---------------------------+-------+-------+-------+-------+-------+-------++-------
  Melee: Unarmed           |     2 |       |       |       |       |       ||     2
         Long sword        |       |       |     6 |       |       |       ||     6
         Scimitar          |       |       |       |       |     1 |   105 ||   106
   Fire: Arbalest          |       |    90 |   160 |   455 |   897 |   539 ||  2141
   Cast: Freeze            |    37 |    16 |    15 |    11 |    15 |     2 ||    96
         Frozen Ramparts   |     5 |    18 |    17 |    24 |    11 |       ||    75
         Summon Ice Beast  |       |       |    10 |    12 |    20 |     7 ||    49
         Freezing Cloud    |       |       |       |    16 |    90 |    49 ||   155
         Manifold Assault  |       |       |       |       |       |    45 ||    45
         Orb of Destructio |       |       |       |       |       |     3 ||     3
 Invoke: Ancestor Life: Kn |       |       |     1 |       |       |       ||     1
         Recall Ancestor   |       |       |       |     8 |     6 |     6 ||    20
         Idealise          |       |       |       |       |       |     1 ||     1
Ability: Hop               |       |       |       |     6 |     5 |     5 ||    16
  Evoke: Wand              |       |     2 |     2 |    11 |     3 |       ||    18
    Use: Scroll            |       |     5 |     5 |     6 |    10 |     7 ||    33
         Potion            |       |       |       |       |       |     2 ||     2
   Stab: Paralysed         |       |       |     5 |       |       |       ||     5
         Sleeping          |       |       |       |       |     1 |       ||     1
 Armour: Robe              |    15 |    34 |    40 |   149 |    26 |       ||   264
         Animal skin       |       |       |       |       |   113 |   166 ||   279
  Dodge: Dodged            |    17 |    50 |    41 |   167 |   127 |   107 ||   509
         Repelled          |       |       |       |     2 |     6 |    10 ||    18
  Block: Other             |       |       |       |       |    11 |    24 ||    35
         Reflection        |       |       |       |       |     4 |     7 ||    11

Table legend: (Time is in decaauts)
 A = Elapsed time spent in this place.
 B = Non-inter-level travel time spent in this place.
 C = Inter-level travel time spent in this place.
 D = Time resting spent in this place.
 E = Time spent auto-exploring this place.
 F = Levels seen in this place.
 G = Mean time per level.
                   A        B        C        D        E       F      G
               +--------+--------+--------+--------+--------+-----+--------+
         Total |  42793 |  39863 |   2930 |  15276 |  17888 |  27 | 1584.9 |
       Dungeon |  21554 |  19589 |   1965 |   5840 |  10298 |  15 | 1436.9 |
          Lair |   9130 |   8691 |    439 |   3519 |   3862 |   5 | 1826.0 |
        Shoals |   8460 |   8090 |    370 |   4374 |   2475 |   4 | 2115.0 |
  Orcish Mines |   3130 |   2975 |    155 |   1201 |   1213 |   2 | 1565.0 |
   Elven Halls |    518 |    518 |      0 |    340 |     39 |   1 |  518.0 |
               +--------+--------+--------+--------+--------+-----+--------+

Top non-repeatable levels by time:
Shoals:3: 3662 daAuts
     D:8: 2781 daAuts
  Lair:5: 2467 daAuts
  Lair:3: 2067 daAuts
   Orc:2: 1943 daAuts
  Lair:4: 1877 daAuts
    D:14: 1868 daAuts
Shoals:4: 1819 daAuts
     D:5: 1780 daAuts
    D:15: 1778 daAuts
Shoals:2: 1644 daAuts
  Lair:2: 1532 daAuts
    D:10: 1496 daAuts
    D:13: 1430 daAuts
     D:9: 1419 daAuts
